 Dungeon Crawl Stone Soup version 0.25-a0-544-gee0576305d (webtiles) character file.

Game seed: 6143236774217701059, levelgen mode: classic

10388 EnegeticOcto the Fiendish (level 11, -6/104 HPs)
             Began as a Deep Dwarf Fighter on Feb 20, 2020.
             Was a Priest of Makhleb.
             Succumbed to Harold's poison
             ... on level 11 of the Dungeon.
             The game lasted 00:05:26 (6652 turns).

EnegeticOcto the Fiendish (Deep Dwarf Fighter)      Turns: 6652, Time: 00:05:27

Health: -6/104     AC: 14    Str: 25    XL:     11   Next: 35%
Magic:  1/1        EV: 11    Int: 10    God:    Makhleb [***...]
Gold:   619        SH:  0    Dex: 12    Spells: 10/10 levels left

rFire    . . .     SeeInvis .   B - +3 battleaxe
rCold    . . .     Gourm    .   (shield currently unavailable)
rNeg     . . .     Faith    +   m - +0 chain mail
rPois    .         Spirit   .   (no helmet)
rElec    .         Reflect  .   o - +0 cloak
rCorr    .         Harm     .   j - +1 pair of gloves
MR       +....                  (no boots)
Stlth    ..........             x - amulet of faith
HPRegen  0.00/turn              u - +3 ring of strength
MPRegen  0.07/turn              (no ring)

@: lethally poisoned (-6 -> -102), marked, non-regenerating
A: damage resistance, heal wounds, sense surroundings 2, no regeneration
a: Heal Wounds, Minor Destruction, Lesser Servant of Makhleb, Renounce Religion


You were on level 11 of the Dungeon.
You worshipped Makhleb.
Makhleb was most pleased with you.
You were not hungry.

You visited 2 branches of the dungeon, and saw 12 of its levels.

You collected 619 gold pieces.

Inventory:

Hand Weapons
 a - a +0 war axe
 B - a +3 battleaxe (weapon)
Armour
 b - a +0 scale mail
 c - a +0 kite shield
 j - a +1 pair of gloves (worn)
 m - a +0 chain mail (worn)
 o - a +0 cloak (worn)
Jewellery
 r - an uncursed ring of wizardry {unknown}
 u - a +3 ring of strength (left hand)
 x - an amulet of faith (around neck)
Wands
 q - a wand of acid (14) {@v1}
 w - a wand of flame (16)
 D - a wand of enslavement (7)
Scrolls
 f - a scroll of magic mapping {@r5}
 i - 8 scrolls of identify {@r1}
 l - a scroll of enchant armour
 s - 2 scrolls of remove curse {@r6}
 v - a scroll of fog
 y - a scroll of teleportation {@r2}
Potions
 d - 2 potions of heal wounds {@q2}
 g - a potion of haste {unknown}
 h - 2 potions of cancellation {unknown}
 k - a potion of might {@q3}
 p - a potion of mutation {unknown}
 t - a potion of ambrosia
 z - 2 potions of magic
 A - a potion of stabbing {unknown}
 C - a potion of degeneration {unknown}
 E - 2 potions of resistance {unknown}
 F - a potion of berserk rage {unknown}
 G - 2 potions of invisibility {unknown}
 H - 2 potions of curing {unknown}
Comestibles
 e - 9 rations
 n - 11 chunks of flesh


   Skills:
 * Level 8.6 Fighting
 * Level 9.9 Axes
 + Level 7.6 Armour
 + Level 6.5 Dodging
 - Level 6.7 Shields
 * Level 10.4 Invocations


You had 10 spell levels left.
You didn't know any spells.
Your spell library was empty.

Dungeon Overview and Level Annotations

Branches:
Dungeon (11/15)            Temple (1/1) D:5            Lair (0/6) D:10
    Orc (0/2) D:11

Altars:
Ashenzari
Dithmenos
Elyvilon
Fedhas
Gozag
Hepliaklqana
Kikubaaqudgha
Makhleb
Nemelex Xobeh
Okawaru
Qazlal
Ru
Sif Muna
Trog
Uskayaw
Vehumet
Wu Jian
Xom
Yredelemnul
Zin
The Shining One

Shops:
D:4 [

Annotations:
D:7 Prince Ribbit


Innate Abilities, Weirdness & Mutations

You are resistant to damage.
You can heal yourself by infusing magical energy.
You passively map the area around you.
You do not regenerate.


Message History

You feel extremely sick.
Harold zaps a wand.
Harold creates a blast of flame!
The now-empty wand crumbles to dust.
You barely miss Harold.
Harold is severely wounded.
You are engulfed in poison gas.
You are lethally poisoned!
You feel extremely sick. Harold casts a spell at you.
A sentinel's mark forms upon you.
You completely miss Harold.
Harold is severely wounded.
You are engulfed in poison gas.
You are more poisoned.
You feel extremely sick. Harold casts a spell at you.
You barely resist.
Your chain mail prevents you from hitting Harold.
Harold is severely wounded.
You are engulfed in poison gas.
You are more poisoned.
* * * LOW HITPOINT WARNING * * *
You feel extremely sick.
Harold points at you and mumbles some strange words.
You barely resist. Harold barely misses you.
You are too injured to fight recklessly!
You are too injured to fight recklessly!
You are too injured to fight recklessly!
* * * LOW HITPOINT WARNING * * *
You feel extremely sick.
You are too injured to fight recklessly!
You are too injured to fight recklessly!
You are too injured to fight recklessly!
You are too injured to fight recklessly!
You are too injured to fight recklessly!
You are too injured to fight recklessly!
You are too injured to fight recklessly!
You are too injured to fight recklessly!
You feel much better.
You feel extremely sick.
Harold hits you with a +2 glaive of venom!
You are more poisoned.
You feel much better.
You feel extremely sick.
Harold hits you with a +2 glaive of venom.
You are more poisoned.
Your magical essence is drained by the effort!
You feel much better.
You feel extremely sick. Harold closely misses you.
You barely miss Harold.
Harold is severely wounded.
You feel extremely sick.
Harold hits you with a +2 glaive of venom!
You are more poisoned.
You barely miss Harold.
Harold is severely wounded.
You feel extremely sick.
Your chain mail prevents you from hitting Harold.
Harold is severely wounded.
You feel extremely sick.
Harold hits you with a +2 glaive of venom!!
* * * LOW HITPOINT WARNING * * *
You are more poisoned.
You are too injured to fight recklessly!
You are too injured to fight recklessly!
You are too injured to fight recklessly!
You are too injured to fight recklessly!
You are too injured to fight recklessly!
You are too injured to fight recklessly!
You are too injured to fight recklessly!
You feel much better.
You feel extremely sick.
Harold hits you with a +2 glaive of venom!
You are more poisoned.
You fail to use your ability.
* * * LOW HITPOINT WARNING * * *
You feel extremely sick. Harold casts a spell at you.
You barely resist.
You feel much better.
You feel extremely sick. Harold hits you but does no damage.
You are more poisoned.
You slash Harold!
Harold is almost dead.
You feel extremely sick.
Harold hits you with a +2 glaive of venom!!
* * * LOW HITPOINT WARNING * * *
You are more poisoned.
You are too injured to fight recklessly!
You are too injured to fight recklessly!
You are too injured to fight recklessly!
You are too injured to fight recklessly!
You are too injured to fight recklessly!
You slice Harold!!
You kill Harold!
Makhleb accepts your kill.
* * * LOW HITPOINT WARNING * * *
You feel extremely sick.
You die...

#.......#
#..........# #†.
#.......#
#..........# #..
#.......#
#..........# #..
#.......#
#.°°§☼§....# #..
#####.......#
#☼...§§....# #..
............#
#...☼.§....#####..
..>.........#
#..§§°°...........
....(.......#
#.§...............
#####.......#
#@....°...........
#.......#
#...○.............
#.......#
#..(..............
#.......#
#..######.....[...
#.......# #..#
#.........
#.......# #..#
#...)))...
#..####.# #..#
#......... #..#
#.# #(.#
#......... #.)#
#.####..#
#.........


There were no monsters in sight!

Vanquished Creatures
  Harold (D:11)
  3 two-headed ogres
  An unseen horror (D:11)
  A gargoyle (D:9)
  2 centaur skeletons (D:10)
  A troll (D:10)
  2 hornets
  A hippogriff (D:10)
  A spriggan (D:11)
  A shadow (D:11)
  A yak (D:10)
  A basilisk (D:10)
  3 hungry ghosts
  Menkaure (D:4)
  2 black bears
  5 sky beasts
  2 orc warriors
  3 ice beasts
  An eye of draining (D:9)
  8 ogres
  A phantom (D:11)
  2 centaurs
  2 crocodiles (D:10)
  A big kobold (D:9)
  2 bullfrogs
  2 scorpions
  A water moccasin skeleton (D:8)
  10 wights (D:10)
  3 howler monkeys
  3 quasits
  Crazy Yiuf (D:7)
  A bullfrog zombie (D:7)
  3 jellies
  11 orc priests
  5 hounds
  A bullfrog skeleton (D:11)
  2 iguanas
  9 orc wizards
  11 worker ants
  A worker ant zombie (D:8)
  Robin (D:2)
  4 gnolls (D:7)
  4 adders
  A shadow imp (D:10)
  3 adder zombies
  An adder skeleton (D:6)
  3 worms (D:4)
  2 leopard geckos (D:4)
  24 orcs
  2 giant cockroaches
  6 goblins (D:2)
  6 hobgoblins
  3 jackals (D:4)
  4 quokkas
  A ball python (D:3)
  A ball python skeleton (D:4)
  A bat (D:1)
  A frilled lizard (D:3)
  A giant cockroach zombie (D:5)
  5 kobolds (D:9)
  A leopard gecko skeleton (D:7)
  A quokka zombie (D:7)
189 creatures vanquished.

Vanquished Creatures (others)
  A sky beast (D:9)
  A big kobold (D:9)
2 creatures vanquished.

Grand Total: 191 creatures vanquished

Notes
Turn   | Place    | Note
-------+----------+-------------------------------------------
     0 | D:1      | EnegeticOcto the Deep Dwarf Fighter began the quest for the
                  | Orb.
     0 | D:1      | Reached XP level 1. HP: 20/20 MP: 1/1
   139 | D:2      | Noticed Robin
   142 | D:2      | Killed Robin
   142 | D:2      | Reached XP level 2. HP: 27/27 MP: 2/2
   314 | D:3      | Reached skill level 1 in Dodging
   314 | D:3      | Reached XP level 3. HP: 21/34 MP: 3/3
   401 | D:3      | Reached XP level 4. HP: 21/42 MP: 4/4
   489 | D:4      | Reached XP level 5. HP: 45/50 MP: 4/4
  1024 | D:4      | Noticed Menkaure
  1040 | D:4      | Killed Menkaure
  1040 | D:4      | Reached XP level 6. HP: 53/57 MP: 5/5
  1132 | D:4      | Found Zoessy's Armour Emporium.
  1289 | D:5      | Entered Level 5 of the Dungeon
  1296 | D:5      | Found a staircase to the Ecumenical Temple.
  1317 | Temple   | Entered the Ecumenical Temple
  1445 | Temple   | Became a worshipper of Makhleb the Destroyer
  1552 | D:5      | Noticed a sky beast
  1566 | D:5      | Killed a sky beast
  1566 | D:5      | Reached skill level 1 in Invocations
  1608 | D:5      | Reached skill level 2 in Invocations
  1608 | D:5      | Reached XP level 7. HP: 52/66 MP: 5/7
  2095 | D:6      | Found a radiant altar of Vehumet.
  2207 | D:6      | Reached skill level 5 in Axes
  2640 | D:7      | Reached skill level 3 in Invocations
  2646 | D:7      | Noticed Prince Ribbit
  2666 | D:7      | Reached skill level 5 in Fighting
  2783 | D:7      | Reached XP level 8. HP: 71/74 MP: 7/7
  2857 | D:7      | Reached * piety under Makhleb
  2877 | D:7      | Reached skill level 5 in Armour
  2877 | D:7      | Reached skill level 4 in Invocations
  2925 | D:7      | Found a runed translucent door.
  2926 | D:7      | Noticed Crazy Yiuf
  2938 | D:7      | Killed Crazy Yiuf
  2938 | D:7      | Reached skill level 5 in Shields
  3417 | D:7      | Reached skill level 5 in Invocations
  3561 | D:8      | Noticed a two-headed ogre
  3561 | D:8      | Noticed a hornet
  3574 | D:8      | Killed a hornet
  3574 | D:8      | Killed a two-headed ogre
  3574 | D:8      | Reached skill level 6 in Invocations
  3574 | D:8      | Gained mutation: You passively map the area around you.
                  | [Deep Dwarf growth]
  3574 | D:8      | Reached XP level 9. HP: 82/82 MP: 4/6
  3795 | D:8      | Noticed a two-headed ogre
  3818 | D:8      | Killed a two-headed ogre
  3818 | D:8      | Reached skill level 7 in Invocations
  4351 | D:9      | Reached skill level 5 in Dodging
  4444 | D:9      | Noticed a gargoyle
  4477 | D:9      | Reached XP level 10. HP: 68/94 MP: 7/7
  4484 | D:9      | Killed a gargoyle
  4548 | D:9      | Reached ** piety under Makhleb
  4548 | D:9      | Reached skill level 8 in Invocations
  4573 | D:9      | Found a sacrificial altar of Ru.
  5124 | D:10     | Entered Level 10 of the Dungeon
  5425 | D:10     | Reached skill level 9 in Invocations
  5648 | D:10     | Found a staircase to the Lair.
  5810 | D:10     | Reached *** piety under Makhleb
  6187 | D:11     | Killed an unseen horror
  6187 | D:11     | Reached XP level 11. HP: 76/103 MP: 5/5
  6342 | D:11     | Found a staircase to the Orcish Mines.
  6493 | D:11     | Reached skill level 10 in Invocations
  6555 | D:11     | Noticed a two-headed ogre
  6567 | D:11     | Killed a two-headed ogre
  6611 | D:11     | Noticed Harold
  6651 | D:11     | Killed Harold
  6651 | D:11     | HP: 2/104 [poisoned by Harold]
  6652 | D:11     | Succumbed to Harold's poison

Levels and vault maps discovered:
D:1:      dpeg_arrival_triangle_fractal, layout_basic, minmay_pentomino_q2
D:2:      layout_basic, cheibriados_altar_1, st_stairs_12, uniq_robin
D:3:      layout_basic
D:4:      cheibrodos_helix_gallery, layout_basic, first_ration, serial_shops,
          kennysheep_little_box, minmay_diced_spiral, uniq_menkaure
D:5:      layout_gridville, minmay_temple_entry_mist, st_stairs_12
D:6:      layout_cave_pods, gup_sewer_entry_bowl, basic_altar
D:7:      layout_basic, uniq_prince_ribbit1, uniq_crazy_yiuf_cottage
D:8:      wander_river, layout_loops_corners
D:9:      layout_basic, basic_altar, lemuel_flame_loot_1
D:10:     minmay_opposing_rooms, layout_irregular_city, david_lair_generic
D:11:     layout_long_grid, orc_0_dummy, grunt_pizzeria, uniq_harold
Temple:   kilobyte_greek_temple

Skill      XL: |  1  2  3  4  5  6  7  8  9 10 11 |
---------------+----------------------------------+-----
Fighting       | 3 4 5 6 7 8 |  8.6
Axes           | 3 4 5 7 8 9 |  9.9
Dodging        | 1 2 3 4 5 6 |  6.5
Armour         | 4 5 6 7 |  7.6
Shields        | 4 5 6 |  6.7
Invocations    | 2 3 6 7 9 10 | 10.4

Action                   |  1- 3 |  4- 6 |  7- 9 | 10-12 || total
-------------------------+-------+-------+-------+-------++-------
Melee: War axe           |    36 |   124 |   430 |   190 ||   780
       Battleaxe         |       |       |       |   211 ||   211
 Abil: Heal Wounds       |     1 |    10 |    30 |    26 ||    67
Evoke: Wand              |       |       |     4 |       ||     4
  Use: Scroll            |       |       |    12 |     4 ||    16
 Stab: Invisible         |       |       |     1 |       ||     1
  Eat: Chunk             |       |     1 |    11 |    11 ||    23
       Ration            |       |       |     2 |    12 ||    14
Armor: Scale mail        |    16 |   101 |    96 |       ||   213
       Chain mail        |       |       |   124 |   286 ||   410
Dodge: Dodged            |    15 |    77 |   168 |   192 ||   452
Block: Kite shield       |    25 |    79 |   275 |   115 ||   494

Table legend:
 A = Non-vault XP
 B = Vault XP
 C = Vault XP percentage of total XP
 D = Non-vault monster count
 E = Vault monster count
 F = Vault count percentage of total count
                 A         B        C        D         E       F
            +---------+---------+-------+---------+---------+-------
      Total |   11681 |    3160 |  21.3 |     152 |      37 |  19.6
            +---------+---------+-------+---------+---------+-------
        D:1 |       3 |       0 |   0.0 |       2 |       0 |   0.0
        D:2 |       2 |      34 |  94.4 |       1 |      11 |  91.7
        D:3 |     124 |       0 |   0.0 |       7 |       0 |   0.0
        D:4 |     116 |     225 |  66.0 |       9 |      10 |  52.6
        D:5 |     192 |     127 |  39.8 |       4 |       1 |  20.0
        D:6 |     190 |       0 |   0.0 |       6 |       0 |   0.0
        D:7 |    1173 |      42 |   3.5 |      29 |       1 |   3.3
        D:8 |    2773 |       0 |   0.0 |      21 |       0 |   0.0
        D:9 |    1725 |       0 |   0.0 |      27 |       0 |   0.0
       D:10 |    2492 |    1495 |  37.5 |      28 |      12 |  30.0
       D:11 |    2891 |    1237 |  30.0 |      18 |       2 |  10.0
            +---------+---------+-------+---------+---------+-------
